AoeStats
← ImMaryPoppinzYall

Arabia

509348819Analyzed
1v1 RM · 5d ago on Sep 26, 2026· 35m 15s· 2 players
Game mode
Random Map
Map size
Tiny (2 player)
Population
200
Speed
Normal
Resources
Standard
Victory
Conquest
Starting age
Dark Age
Ending age
Imperial Age
RankedLock teamsTeams togetherTeam positionsShared explorationLock speedFull tech treeHidden civsTurbo modeCheats
Victory
Defeat
🇸🇪 Mongols · Sweden
380
+11
🇺🇸 Malay · United States
258
-11
ImMaryPoppinzYall
13:11 Feudal Age
13:37 Wheelbarrow
12:55 Double-Bit Axe
13:29 Loom
16:34 Gold Mining
27:32 Castle Age
27:31 Hand Cart
29:30 Pikeman
29:34 Elite Skirmisher
32:18 Fletching
perblomdahl
12:07 Feudal Age
12:33 Horse Collar
12:43 Double-Bit Axe
15:56 Wheelbarrow
22:42 Castle Age
21:45 Man-at-Arms
24:28 Bow Saw
24:05 Long Swordsman
26:39 Heavy Plow
27:02 Hand Cart
27:50 Scale Mail Armor
27:40 Fletching
28:02 Forging
29:25 Thumb Ring
28:42 Crossbowman
32:08 Bodkin Arrow
32:29 Chain Mail Armor
32:49 Iron Casting
34:22 Gold Mining
34:24 Stone Mining
Connection lost

Rejoining the realm…

Still unreachable

The connection could not be restored.

Session expired

The server has moved on; the page needs a fresh start.